BSA
HOUSTON MARSHALS @ ST CHARLES SHEENS
04/06/2029
 
TOP OF THE 1ST
Houston Marshals batting - Pitching for St Charles Sheens : RHP Bill Chase
Pitching: RHP Bill Chase
Batting: LHB Guy Moss 0-0: Ball
1-0: Ball
2-0: Swinging Strike
2-1: Ball
3-1: Called Strike
3-2: Foul Ball, location: 2F
3-2: Base on Balls
Batting: RHB Javier Rentería 0-0: Foul Ball, location: 2F
0-1: Ball
1-1: SINGLE (Flyball, 5D)
Guy Moss to second
Batting: LHB Lewis Barr 0-0: 3-RUN HOME RUN (Flyball, 9LD), Distance : 364 ft
Batting: RHB Chris Parker 0-0: Called Strike
0-1: Foul Ball, location: 2F
0-2: Ball
1-2: Ball
2-2: Ball
3-2: Foul Ball, location: 2F
3-2: Ground out 4-3 (Groundball, 4)
Batting: RHB Raúl Soto 0-0: Called Strike
0-1: Called Strike
0-2: Ball
1-2: Ball
2-2: SINGLE (Groundball, 25) (infield hit)
Batting: LHB Matt Smith 0-0: Called Strike
0-1: Ball
1-1: Swinging Strike
1-2: Foul Ball, location: 2F
1-2: Foul Ball, location: 2F
1-2: Ball
2-2: Strikes out swinging
Batting: RHB Esteban Lara 0-0: Called Strike
0-1: Ground out 1-3 (Groundball, 15S)
Top of the 1st over - 3 runs, 3 hits, 0 errors, 1 left on base; Houston 3 - St Charles 0
BOTTOM OF THE 1ST
St Charles Sheens batting - Pitching for Houston Marshals : RHP Jim Daniel
Pitching: RHP Jim Daniel
Batting: RHB Miguel Palácios 0-0: Called Strike
0-1: Ball
1-1: Ground out U3 (Groundball, 3)
Batting: RHB Jesús Hernández 0-0: Called Strike
0-1: Ball
1-1: Ground out 6-3 (Groundball, 6)
Batting: LHB Benny Richard 0-0: Ball
1-0: Ball
2-0: Ball
3-0: Called Strike
3-1: Called Strike
3-2: Fly out, F5 (Popup, 5L)
Bottom of the 1st over - 0 runs, 0 hits, 0 errors, 0 left on base; Houston 3 - St Charles 0
TOP OF THE 2ND
Houston Marshals batting - Pitching for St Charles Sheens : RHP Bill Chase
Batting: RHB Michael Thomas 0-0: Foul Ball, location: 2F
0-1: Ball
1-1: Fly out, F9 (Flyball, 89S)
Batting: RHB Gustavo Díaz 0-0: Called Strike
0-1: Fly out, F3 (Popup, 3SF)
Batting: LHB Guy Moss 0-0: Ball
1-0: Ball
2-0: Ball
3-0: Called Strike
3-1: Foul Ball, location: 2F
3-2: Base on Balls
Batting: RHB Javier Rentería 0-0: Ball
1-0: Ground out 6-3 (Groundball, 6)
Top of the 2nd over - 0 runs, 0 hits, 0 errors, 1 left on base; Houston 3 - St Charles 0
BOTTOM OF THE 2ND
St Charles Sheens batting - Pitching for Houston Marshals : RHP Jim Daniel
Batting: RHB Max Rash 0-0: Ground out 5-3 (Groundball, 56)
Batting: LHB Larry Howard 0-0: Ball
1-0: Called Strike
1-1: Swinging Strike
1-2: Strikes out swinging
Batting: RHB Miguel Encarnación 0-0: Ball
1-0: Ball
2-0: Foul Ball, location: 2F
2-1: Ground out U3 (Groundball, 34)
Bottom of the 2nd over - 0 runs, 0 hits, 0 errors, 0 left on base; Houston 3 - St Charles 0
TOP OF THE 3RD
Houston Marshals batting - Pitching for St Charles Sheens : RHP Bill Chase
Batting: LHB Lewis Barr 0-0: Ball
1-0: Foul Ball, location: 2F
1-1: Ground out 5-3 (Groundball, 56)
Batting: RHB Chris Parker 0-0: Ball
1-0: Ball
2-0: Foul Ball, location: 2F
2-1: Called Strike
2-2: Ball
3-2: Base on Balls
Batting: RHB Raúl Soto 0-0: Ball
1-0: Ball
2-0: Foul Ball, location: 2F
2-1: Swinging Strike
2-2: Foul Ball, location: 2F
2-2: Ball
3-2: Foul Ball, location: 2F
3-2: Fly out, F7 (Flyball, 7)
Batting: LHB Matt Smith 0-0: Ball
1-0: Swinging Strike
1-1: Fly out, F6 (Popup, 6)
Top of the 3rd over - 0 runs, 0 hits, 0 errors, 1 left on base; Houston 3 - St Charles 0
BOTTOM OF THE 3RD
St Charles Sheens batting - Pitching for Houston Marshals : RHP Jim Daniel
Batting: RHB Shawn Gutiérrez 0-0: Ball
1-0: SINGLE (Groundball, 6MD)
Batting: LHB Jason Lambert 0-0: Ball
1-0: Called Strike
1-1: Swinging Strike
1-2: Ball
2-2: Strikes out looking
Batting: RHB Víctor Arredondo 0-0: Ball
1-0: Called Strike
1-1: Ball
2-1: Ball
3-1: Fly out, F9 (Flyball, 9LM)
Batting: RHB Miguel Palácios 0-0: Ball
1-0: Fielders Choice at 2nd, 6-4 (Groundball, 6D)
Bottom of the 3rd over - 0 runs, 1 hit, 0 errors, 1 left on base; Houston 3 - St Charles 0
TOP OF THE 4TH
Houston Marshals batting - Pitching for St Charles Sheens : RHP Bill Chase
Batting: RHB Esteban Lara 0-0: Ball
1-0: SINGLE (Groundball, 34D)
Batting: RHB Michael Thomas 0-0: DOUBLE (Line Drive, 7LM)
Esteban Lara to third
Runner from 3rd tries for Home, SAFE, no throw
Batting: RHB Gustavo Díaz 0-0: Ball
1-0: Ball
2-0: Called Strike
2-1: Fly out, F8 (Flyball, 8RS)
Batting: LHB Guy Moss 0-0: Called Strike
0-1: Foul Ball, location: 2F
0-2: Ball
1-2: Strikes out swinging
Batting: RHB Javier Rentería 0-0: Ball
1-0: Swinging Strike
1-1: Called Strike
1-2: Foul Ball, location: 2F
1-2: Ball
2-2: Foul Ball, location: 2F
2-2: Fly out, F4 (Line Drive, 4)
Top of the 4th over - 1 run, 2 hits, 0 errors, 1 left on base; Houston 4 - St Charles 0
BOTTOM OF THE 4TH
St Charles Sheens batting - Pitching for Houston Marshals : RHP Jim Daniel
Batting: RHB Jesús Hernández 0-0: Ball
1-0: Called Strike
1-1: Ball
2-1: Foul Ball, location: 2F
2-2: Ball
3-2: Fly out, F5 (Line Drive, 5)
Batting: LHB Benny Richard 0-0: Called Strike
0-1: Ball
1-1: Called Strike
1-2: Ball
2-2: SINGLE (Groundball, 6MD)
Batting: RHB Max Rash 0-0: SINGLE (Groundball, 34D)
Benny Richard to second
Batting: LHB Larry Howard 0-0: Ball
1-0: Ball
2-0: Ball
3-0: Grounds into double play, 6-4-3 (Groundball, 6)
Bottom of the 4th over - 0 runs, 2 hits, 0 errors, 1 left on base; Houston 4 - St Charles 0
TOP OF THE 5TH
Houston Marshals batting - Pitching for St Charles Sheens : RHP Bill Chase
Batting: LHB Lewis Barr 0-0: Ball
1-0: Called Strike
1-1: Swinging Strike
1-2: Strikes out looking
Batting: RHB Chris Parker 0-0: Ball
1-0: Ball
2-0: Called Strike
2-1: Fly out, F9 (Flyball, 9)
Batting: RHB Raúl Soto 0-0: Swinging Strike
0-1: Called Strike
0-2: Ball
1-2: Strikes out looking
Top of the 5th over - 0 runs, 0 hits, 0 errors, 0 left on base; Houston 4 - St Charles 0
BOTTOM OF THE 5TH
St Charles Sheens batting - Pitching for Houston Marshals : RHP Jim Daniel
Batting: RHB Miguel Encarnación 0-0: Ball
1-0: Ball
2-0: Ball
3-0: Called Strike
3-1: Base on Balls
Batting: RHB Shawn Gutiérrez 0-0: Foul Ball, location: 2F
0-1: Called Strike
0-2: Ball
1-2: Foul Ball, location: 2F
1-2: Foul Ball, location: 2F
1-2: Fly out, F8 (Flyball, 8LD)
Batting: LHB Jason Lambert 0-0: Fly out, F8 (Line Drive, 8RD)
Batting: RHB Víctor Arredondo 0-0: Called Strike
0-1: Called Strike
0-2: Ball
1-2: Ball
2-2: Foul Ball, location: 2F
2-2: Ball
3-2: Base on Balls
Miguel Encarnación to second
Batting: RHB Miguel Palácios 0-0: SINGLE (Groundball, 34D)
Miguel Encarnación to third
Víctor Arredondo to second
Runner from 3rd tries for Home, throw and OUT!
Bottom of the 5th over - 0 runs, 1 hit, 0 errors, 2 left on base; Houston 4 - St Charles 0
TOP OF THE 6TH
Houston Marshals batting - Pitching for St Charles Sheens : RHP Bill Chase
Pitching: RHP Jesse Jones
Batting: LHB Matt Smith 0-0: Ball
1-0: Called Strike
1-1: Ball
2-1: Ball
3-1: Swinging Strike
3-2: Foul Ball, location: 2F
3-2: Strikes out swinging
Batting: RHB Esteban Lara 0-0: Ball
1-0: Fly out, F3 (Line Drive, 34)
Batting: RHB Michael Thomas 0-0: Ball
1-0: Called Strike
1-1: Ball
2-1: Ground out 4-3 (Groundball, 4)
Top of the 6th over - 0 runs, 0 hits, 0 errors, 0 left on base; Houston 4 - St Charles 0
BOTTOM OF THE 6TH
St Charles Sheens batting - Pitching for Houston Marshals : RHP Jim Daniel
Batting: RHB Jesús Hernández 0-0: Fly out, F8 (Flyball, 8LM)
Batting: LHB Benny Richard 0-0: Called Strike
0-1: Foul Ball, location: 2F
0-2: Foul Ball, location: 2F
0-2: Foul Ball, location: 2F
0-2: Ball
1-2: Ball
2-2: Ground out U3 (Groundball, 3)
Batting: RHB Max Rash 0-0: Foul Ball, location: 2F
0-1: Ball
1-1: Ball
2-1: Called Strike
2-2: Ball
3-2: Foul Ball, location: 2F
3-2: Foul Ball, location: 2F
3-2: Base on Balls
Batting: LHB Larry Howard 0-0: Ball
1-0: Ball
2-0: Ball
3-0: Called Strike
3-1: Called Strike
3-2: Strikes out looking
Bottom of the 6th over - 0 runs, 0 hits, 0 errors, 1 left on base; Houston 4 - St Charles 0
TOP OF THE 7TH
Houston Marshals batting - Pitching for St Charles Sheens : RHP Jesse Jones
Batting: RHB Gustavo Díaz 0-0: Ball
1-0: Swinging Strike
1-1: Swinging Strike
1-2: Fly out, F9 (Flyball, 89M)
Batting: LHB Guy Moss 0-0: Swinging Strike
0-1: Ball
1-1: Ball
2-1: Foul Ball, location: 2F
2-2: Ground out 3-1 (Groundball, 34)
Batting: RHB Javier Rentería 0-0: Swinging Strike
0-1: Ball
1-1: Foul Ball, location: 2F
1-2: Foul Ball, location: 2F
1-2: Strikes out swinging
Top of the 7th over - 0 runs, 0 hits, 0 errors, 0 left on base; Houston 4 - St Charles 0
BOTTOM OF THE 7TH
St Charles Sheens batting - Pitching for Houston Marshals : RHP Jim Daniel
Batting: RHB Miguel Encarnación 0-0: Swinging Strike
0-1: Ball
1-1: Foul Ball, location: 2F
1-2: Foul Ball, location: 2F
1-2: Foul Ball, location: 2F
1-2: SINGLE (Groundball, 56D)
Batting: RHB Shawn Gutiérrez 0-0: Called Strike
0-1: Swinging Strike
0-2: Fly out, F7 (Flyball, 7S)
Batting: LHB Jason Lambert Pickoff Throw to First - Out!
0-0: Ball
1-0: Ball
2-0: Ground out 6-3 (Groundball, 6M)
Bottom of the 7th over - 0 runs, 1 hit, 0 errors, 0 left on base; Houston 4 - St Charles 0
TOP OF THE 8TH
Houston Marshals batting - Pitching for St Charles Sheens : RHP Jesse Jones
Batting: LHB Lewis Barr 0-0: Called Strike
0-1: Foul Ball, location: 2F
0-2: Foul Ball, location: 2F
0-2: Ball
1-2: Ball
2-2: Foul Ball, location: 2F
2-2: Foul Ball, location: 2F
2-2: Strikes out looking
Batting: RHB Chris Parker 0-0: Foul Ball, location: 2F
0-1: Ball
1-1: Ball
2-1: Ball
3-1: Base on Balls
Batting: RHB Raúl Soto 0-0: Ball
1-0: Grounds into double play, 6-4-3 (Groundball, 6)
Top of the 8th over - 0 runs, 0 hits, 0 errors, 0 left on base; Houston 4 - St Charles 0
BOTTOM OF THE 8TH
St Charles Sheens batting - Pitching for Houston Marshals : RHP Jim Daniel
Batting: RHB Víctor Arredondo 0-0: Ball
1-0: SINGLE (Line Drive, 8LS)
Pitching: RHP Álex Rodríguez
Batting: RHB Miguel Palácios 0-0: Called Strike
0-1: Swinging Strike
0-2: Foul Ball, location: 2F
0-2: Ball
1-2: Strikes out swinging
Batting: RHB Jesús Hernández 0-0: Called Strike
0-1: Ball
1-1: Fielders Choice at 2nd, 5-4 (Groundball, 56)
Batting: LHB Benny Richard 0-0: Ball
1-0: SINGLE (Groundball, 4MD)
Jesús Hernández to second
Runner from 2nd tries for 3rd, SAFE, throw made to third
Batting: RHB Max Rash 0-0: Ball
1-0: Ball
2-0: Ball
3-0: Called Strike
3-1: Base on Balls
Benny Richard to second
Batting: LHB Larry Howard 0-0: Ball
1-0: Foul Ball, location: 2F
1-1: Ball
Wild Pitch!
Jesús Hernández scores
Benny Richard to third
Max Rash to second
2-1: Ball
3-1: Called Strike
3-2: Base on Balls
Batting: RHB Miguel Encarnación 0-0: Called Strike
0-1: Called Strike
0-2: Strikes out looking
Bottom of the 8th over - 1 run, 2 hits, 0 errors, 3 left on base; Houston 4 - St Charles 1
TOP OF THE 9TH
Houston Marshals batting - Pitching for St Charles Sheens : RHP Jesse Jones
Batting: LHB Matt Smith 0-0: Fly out, F9 (Flyball, 9D)
Batting: RHB Esteban Lara 0-0: Ball
1-0: Fly out, F9 (Flyball, 9LMF)
Batting: RHB Michael Thomas 0-0: Called Strike
0-1: Fly out, F7 (Flyball, 78D)
Top of the 9th over - 0 runs, 0 hits, 0 errors, 0 left on base; Houston 4 - St Charles 1
BOTTOM OF THE 9TH
St Charles Sheens batting - Pitching for Houston Marshals : RHP Álex Rodríguez
Pitching: RHP Vinícius Itaquy
Batting: RHB Shawn Gutiérrez 0-0: Ball
1-0: Foul Ball, location: 2F
1-1: Foul Ball, location: 2F
1-2: Ball
2-2: Fly out, F8 (Flyball, 78XD)
Batting: LHB Jason Lambert 0-0: Ground out U3 (Groundball, 3)
Batting: RHB Víctor Arredondo 0-0: Called Strike
0-1: Swinging Strike
0-2: Strikes out looking
Bottom of the 9th over - 0 runs, 0 hits, 0 errors, 0 left on base; Houston 4 - St Charles 1
Saturday, December 16th, 2017 - OOTP Baseball 18.8 Build 76